 Dungeon Crawl Stone Soup version 0.21-a0-531-gacddea6 (webtiles) character file.

120 qqqbard the Cutter (level 5, 0/33 HPs)
             Began as a Kobold Berserker on Dec 13, 2017.
             Was a Believer of Trog.
             Killed by nerve-wracking pain
             ... invoked by Grinder
              (12 damage)
             ... while paralysed by Grinder
             ... on level 3 of the Dungeon.
             The game lasted 00:04:49 (2854 turns).

qqqbard the Cutter (Kobold Berserker)               Turns: 2854, Time: 00:04:50

Health: 0/33       AC:  3    Str: 16    XL:     5   Next: 25%
Magic:  5/5        EV:  3    Int: 10    God:    Trog [**....]
Gold:   74         SH:  0    Dex: 14    Spells: 4/4 levels left

rFire    . . .     SeeInvis .   a - +0 short sword
rCold    . . .     Gourm    .   (shield restricted)
rNeg     . . .     Faith    .   b - +1 animal skin
rPois    .         Spirit   .   (no helmet)
rElec    .         Reflect  .   (no cloak)
rCorr    .         Harm     .   (no gloves)
MR       .....                  (no boots)
Stlth    ++........             (no amulet)
HPRegen  0.11/turn              h - +2 ring of intelligence
MPRegen  0.09/turn              (no ring)

@: paralysed
A: small, carnivore 3
a: Berserk, Trog's Hand, Burn Spellbooks, Renounce Religion


You were on level 3 of the Dungeon.
You worshipped Trog.
Trog was pleased with you.
You were completely stuffed.

You visited 1 branch of the dungeon, and saw 3 of its levels.

You collected 74 gold pieces.

Inventory:

Hand Weapons
 a - a +0 short sword (weapon)
Missiles
 d - 92 stones (quivered)
Armour
 b - a +1 animal skin (worn)
Jewellery
 h - a +2 ring of intelligence (left hand)
Scrolls
 e - 3 scrolls of remove curse
 f - a scroll of identify
 m - a scroll of teleportation {unknown}
 n - a scroll of enchant weapon {unknown}
Potions
 i - a potion of agility
 j - a potion of curing {unknown}
 k - a potion of cancellation {unknown}
 l - a potion of degeneration {unknown}
 o - a potion of haste {unknown}
Comestibles
 c - 4 meat rations
 p - a royal jelly


   Skills:
 + Level 3.8 Fighting
 * Level 5.4 Short Blades
 + Level 2.0 Armour
 + Level 3.4 Dodging
 + Level 2.4 Stealth


You had 4 spell levels left.
You didn't know any spells.

Dungeon Overview and Level Annotations

Branches:
Dungeon (3/15)

Altars:
Gozag
The Shining One

Annotations:
D:3 Grinder


Innate Abilities, Weirdness & Mutations

You are small and have problems with some larger weapons.
You are carnivorous and can eat meat at any time.


Message History

Grinder comes into view.
Grinder shouts!
Grinder hits you.
You writhe in agony.
An adder comes into view.
You hit Grinder but do no damage. Grinder hits you.
You writhe in agony.
You hit Grinder but do no damage. Grinder hits you.
You writhe in agony.
You hit Grinder.
Grinder is lightly wounded.
Grinder completely misses you.
You hit Grinder but do no damage.
Grinder is lightly wounded.
Grinder closely misses you.
You hit Grinder.
Grinder is lightly wounded.
Grinder gestures at you.
You suddenly lose the ability to move!
The adder bites you. The adder bites you but does no damage.
Grinder gestures at you. Pain shoots through your body!
You die...

#### .<.###
#...........#
##...#
#...........#
####.#
#...........# ##
#.## #.......[..(#
.###..###
#...........#
...##.<.#
#...........#
##...##.#
#....5S.....#
###....# #.####@##
###..# #.#.....#
#####..###.#.....#
..................#
###########.#.....#
#.####### ... ..###
###


You could see Grinder and an adder.

Vanquished Creatures
  An iguana (D:2)
  3 adders (D:2)
  4 worms (D:2)
  2 leopard geckos
  2 giant cockroaches (D:2)
  8 goblins
  7 hobgoblins
  2 jackals (D:2)
  A ball python (D:2)
  4 bats
  3 frilled lizards
  9 kobolds
  7 rats
53 creatures vanquished.

Notes
Turn   | Place    | Note
-------+----------+-------------------------------------------
     0 | D:1      | qqqbard the Kobold Berserker began the quest for the Orb.
     0 | D:1      | Reached XP level 1. HP: 14/14 MP: 1/1
   469 | D:1      | Reached XP level 2. HP: 18/19 MP: 2/2
   589 | D:1      | Reached skill level 1 in Stealth
   937 | D:1      | Reached XP level 3. HP: 23/23 MP: 3/3
  1138 | D:2      | Reached ** piety under Trog
  1521 | D:2      | Reached XP level 4. HP: 28/28 MP: 4/4
  1528 | D:2      | Reached skill level 5 in Short Blades
  1852 | D:2      | Reached XP level 5. HP: 14/33 MP: 5/5
  2614 | D:2      | Found a glowing golden altar of the Shining One.
  2616 | D:2      | Found an opulent altar of Gozag.
  2848 | D:3      | Noticed Grinder
  2853 | D:3      | Paralysed by Grinder for 3 turns
  2854 | D:3      | Killed from afar by Grinder

Vault maps used:
D:1:      eino_arrival_cavern_d
D:2:      minitemple, first_bread, minmay_pentomino_p4
D:3:      nicolae_qazlal_general_emergency, uniq_grinder, uniq_natasha

Skill      XL: |  1  2  3  4 |
---------------+-------------+-----
Stealth        | 1 2 |  2.4
Dodging        | 3 |  3.4
Short Blades   | 5 |  5.4
Armour         | 2 |  2.0
Fighting       | |  3.8

Action                   |  1- 3 |  4- 6 || total
-------------------------+-------+-------++-------
Melee: Short sword       |   102 |   107 ||   209
Invok: Berserk           |       |     2 ||     2
  Use: Potion            |     1 |       ||     1
       Scroll            |       |     4 ||     4
 Stab: Sleeping          |     6 |     1 ||     7
  Eat: Chunk             |    10 |     7 ||    17
Armor: Animal skin       |    14 |     9 ||    23
Dodge: Dodged            |    70 |    67 ||   137

Table legend:
 A = Spawn XP
 B = Non-spawn XP
 C = Spawn XP percentage of total XP
 D = Spawn monster count
 E = Non-spawn monster count
 F = Spawn count percentage of total count
 G = Total turns spent on level
                    A         B        C        D         E        F      G
               +---------+---------+-------+---------+---------+-------+---------
         Total |       0 |     172 |   0.0 |       0 |      53 |   0.0 |  2854
               +---------+---------+-------+---------+---------+-------+---------
           D:1 |       0 |      31 |   0.0 |       0 |      21 |   0.0 |  1266
           D:2 |       0 |     138 |   0.0 |       0 |      31 |   0.0 |  1542
           D:3 |       0 |       3 |   0.0 |       0 |       1 |   0.0 |    46
               +---------+---------+-------+---------+---------+-------+---------
